 Dungeon Crawl Stone Soup version 0.30-a0-715-gdb4ae3ece1 (webtiles) character file.

Game seed: 9767522282484905665

8046 OTABOTABOTAB the Destroyer (level 11, -2/62 HPs)
             Began as a Deep Elf Conjurer on Jan 23, 2023.
             Was a Believer of Vehumet.
             Slain by a two-headed ogre
             ... wielding a +0 giant club
              (24 damage)
             ... on level 2 of the Orcish Mines.
             The game lasted 00:15:04 (7465 turns).

OTABOTABOTAB the Destroyer (Deep Elf Conjurer)      Turns: 7465, Time: 00:15:04

Health: -2/62      AC:  5    Str:  4    XL:     11   Next: 4%
Magic:  3/27       EV: 14    Int: 28    God:    Vehumet [**....]
Gold:   784        SH:  7    Dex: 13    Spells: 15/31 levels left

rFire   . . .      SeeInvis +    h - staff of conjuration
rCold   . . .      Faith    .    m - +2 buckler
rNeg    . . .      Spirit   .    a - +0 robe
rPois   .          Reflect  .    p - +0 helmet
rElec   .          Harm     .    (no cloak)
rCorr   .          Rampage  .    g - +1 pair of gloves
Will    +....                    (no boots)
Stlth   ++                       f - amulet of magic regeneration
HPRegen 0.30/turn                V - ring of see invisible {sInv, !d}
MPRegen 0.60/turn                (no ring)

@: no status effects
A: no striking features
a: Renounce Religion


You were on level 2 of the Orcish Mines.
You worshipped Vehumet.
Vehumet was pleased with you.
You visited 2 branches of the dungeon, and saw 11 of its levels.

You collected 784 gold pieces.

Inventory:

Armour
 a - a +0 robe (worn)
 g - a +1 pair of gloves (worn)
   (You found it on level 1 of the Dungeon)
 m - a +2 buckler (worn)
   (You found it on level 1 of the Dungeon)
 p - a +0 helmet (worn)
   (You found it on level 9 of the Dungeon)
Magical Staves
 h - a staff of conjuration (weapon)
   (You acquired it on level 2 of the Dungeon)
Jewellery
 b - a ring of flight {+Fly, !d}
   (You found it on level 3 of the Dungeon)
 c - a ring of ice {rC+, rF-}
   (You found it on level 2 of the Dungeon)
 f - an amulet of magic regeneration (around neck)
   (You found it on level 1 of the Dungeon)
 V - a ring of see invisible (left hand) {sInv, !d}
   (You found it on level 1 of the Dungeon)
 W - a ring of willpower
   (You found it on level 2 of the Dungeon)
Wands
 d - a wand of digging (5)
   (You found it on level 7 of the Dungeon)
 e - a wand of charming (8)
   (You took it off Maggie on level 8 of the Dungeon)
 k - a wand of light (7)
   (You took it off Ijyb on level 3 of the Dungeon)
 q - a wand of flame (45)
   (You found it on level 6 of the Dungeon)
 y - a wand of mindburst (15)
   (You found it on level 6 of the Dungeon)
Scrolls
 i - a scroll of enchant armour {unknown}
 l - 2 scrolls of enchant weapon
 n - 2 scrolls of amnesia
 r - 4 scrolls of identify {@r1}
 D - 4 scrolls of blinking {!r}
 E - a scroll of fear
 O - a scroll of silence
 X - a scroll of magic mapping {@r4!r}
Potions
 j - 3 potions of attraction {!q}
 o - a potion of flight {unknown}
 B - 2 potions of brilliance
 G - a potion of ambrosia {!q}
 H - 2 potions of haste
 J - 6 potions of curing {@q1}
 M - 5 potions of might
 N - 3 potions of heal wounds {@q2}
 P - a potion of lignification {!q}
 U - 2 potions of mutation {!q}
Miscellaneous
 z - a box of beasts
   (You found it on level 9 of the Dungeon)


   Skills:
 + Level 4.4 Fighting
 + Level 7.1 Dodging
 - Level 2.4 Stealth
 + Level 4.4 Shields
 + Level 10.9 Spellcasting
 + Level 11.6 Conjurations
 - Level 5.0 Hexes
 - Level 5.0 Translocations


You had 15 spell levels left.
You knew the following spells:

 Your Spells              Type           Power      Damage    Failure   Level
a - Magic Dart            Conj           100%       1d8       1%          1
b - Searing Ray           Conj           100%       2d8       1%          2
c - Fulminant Prism       Conj/Hex       37%        3d17      1%          4
x - Iskenderun's Mystic   Conj/Tloc      75%        2d15      1%          4
z - Iskenderun's Battles  Conj           88%        2d14      1%          5

Your spell library contained the following spells:

 Spells                   Type           Power      Damage    Failure   Level
 Scorch                   Fire           30%        2d7       7%          2
 Shock                    Conj/Air       100%       1d9       1%          1
 Dazzling Flash           Conj/Hex       100%       N/A       1%          3
 Portal Projectile        Hex/Tloc       86%        N/A       1%          3
 Tukima's Dance           Hex            43%        N/A       1%          3
 Swiftness                Air            15%        N/A       14%         3
 Leda's Liquefaction      Hex/Erth       14%        N/A       17%         4
 Airstrike                Air            7%         2d(2-18)  43%         4
 Iron Shot                Conj/Erth      32%        9d7       54%         6
 Blade Hands              Tmut           7%         N/A       78%         5
 Lee's Rapid Deconstruct  Erth           7%         3d7*      78%         5
 Spellforged Servitor     Conj/Summ      32%        N/A       98%         7
 Statue Form              Tmut/Erth      10%        N/A       100%        6


Dungeon Overview and Level Annotations

Branches:
Dungeon (9/15)             Temple (0/1) D:7             Orc (2/2) D:9
   Lair: D:8-11         Elf: Orc:2

Altars:
Cheibriados
Fedhas
Gozag
Makhleb
Nemelex Xobeh
Okawaru
Ru
Sif Muna
Trog
Vehumet
Wu Jian

Annotations:
D:3 2 transporters, bande's ghost, amateur GrFi


Message History

You feel a surge of power!
The magic dart hits the ogre.
Your battlesphere fires!
The barrage of energy hits the ogre!
Your battlesphere expends the last of its energy and dissipates.
You feel a surge of power!
The magic dart hits the ogre.
You now have 22/26 mp.
You feel a surge of power!
The magic dart hits the ogre.
You feel a surge of power!
You conjure a globe of magical energy.
You now have 18/26 mp.
You feel a surge of power!
You erupt in a blast of force!
The mystic blast hits the ogre!!
You kill the ogre!
Vehumet accepts your kill.
You hear a shout! x3
You now have 14/26 mp.
An ogre comes into view. It is wielding a +0 giant club.
The ogre shouts!
You hear a shout!
Things that are here:
a +0 troll leather armour; a troll corpse A troll comes into view.
The troll shouts!
You hear a shout! x2
A troll comes into view.
Things that are here:
a +0 giant club; an ogre corpse You feel a surge of power!
The magic dart hits the ogre.
Your battlesphere fires!
The barrage of energy hits the ogre!!
You feel a surge of power!
The magic dart hits the ogre.
Your battlesphere fires!
The barrage of energy hits the ogre!
You kill the ogre!
Vehumet accepts your kill.
An orc comes into view. It is wielding a +0 dagger.
You feel a surge of power!
The magic dart hits the troll.
Your battlesphere fires!
The barrage of energy hits the troll!
You now have 14/26 mp.
You feel a surge of power!
The magic dart hits the troll.
Your battlesphere fires!
The barrage of energy hits the troll!
You hit the troll. You block the troll's attack. The troll claws you!
The troll barely misses you.
You take 10 damage, and have 48/58 hp.
You feel a surge of power!
You erupt in a blast of force!
The mystic blast hits the troll!
The troll is knocked back by the mystic blast.
The mystic blast hits the troll!!
The troll is knocked back by the mystic blast.
The troll collides with the troll!
You kill the troll!
Vehumet accepts your kill.
You feel your power returning.
You hear two shouts!
You hear a shout! x3
A two-headed ogre comes into view. It is wielding two +0 giant clubs.
You have reached level 11!
You regained 4 hp, and now have 52/62 hp.
You now have 12/27 mp.
You feel a surge of power!
The magic dart hits the orc.
Your battlesphere fires!
The barrage of energy hits the orc!!
You kill the orc!
Vehumet accepts your kill.
You feel your power returning.
You feel a surge of power!
The magic dart hits the troll.
Your battlesphere fires!
The barrage of energy hits the two-headed ogre!
You now have 12/27 mp.
You feel a surge of power!
The magic dart hits the troll.
Your battlesphere fires!
The barrage of energy hits the two-headed ogre!
A cyclops comes into view.
You feel a surge of power!
You erupt in a blast of force!
The mystic blast hits the troll!
You kill the troll!
Vehumet accepts your kill.
The troll leather armour is intact enough to wear.
You hear a shout! x2
Your battlesphere fires!
The barrage of energy hits the cyclops!!
An orc wizard comes into view. It is wielding a +0 dagger.
The two-headed ogre hits your battlesphere with a +0 giant club!!
Your battlesphere is destroyed!
You now have 9/27 mp.
You feel a surge of power!
You conjure a globe of magical energy.
You now have 4/27 mp.
You feel a surge of power!
The magic dart hits the two-headed ogre.
An ogre comes into view. It is wielding a +0 giant spiked club.
You feel a surge of power!
The magic dart hits the two-headed ogre.
Your battlesphere fires!
The barrage of energy hits the two-headed ogre!
An orc comes into view. It is wielding a +0 whip.
You now have 3/27 mp.
You don't have enough magic to cast this spell.
The two-headed ogre attacks as you move away!
The two-headed ogre hits you with a +0 giant club!!
Ouch! That really hurt!
The two-headed ogre hits you with a +0 giant club!!
You die...

........###..#........#
##.........##......<.....#
####............#...........#####
...#..... #..................#..#
.......# #..÷.......##..........
.......# #.#.........###.........
.......# ###....)....#####.......
......####.............##........
.........#.....[@.......##.......
...............)*O......#.....#.#
.#............##.#............###
#.##.#........####.°........###
...####......## ##oO.......# #.##
#.....#..# #.C.......# ###
#.....#.## ..o.......# #####.###
............ #.# ...........


You could see a two-headed ogre, a cyclops, an ogre, an orc wizard, an orc and a
friendly battlesphere.

Vanquished Creatures
  Erica (D:8)
  3 two-headed ogres
  Maggie (D:8)
  5 trolls
  2 wyverns
  2 wargs (Orc:2)
  3 acid dragons
  A water moccasin (D:5)
  5 orc warriors
  A black bear (D:5)
  4 ogres
  A centaur (D:9)
  A phantom (D:6)
  2 kobold brigands
  A gnoll sergeant (D:9)
  A bullfrog (D:4)
  2 necrophages
  3 scorpions
  8 wights (D:9)
  10 killer bees (D:9)
  An electric eel (D:8)
  A howler monkey (D:7)
  3 hounds
  3 jellies
  A gnoll bouda (D:8)
  6 orc priests
  An iguana (D:5)
  Ijyb (D:3)
  4 orc wizards
  10 gnolls
  6 adders
  2 shadow imps
  2 white imps (D:7)
  An ufetubus (D:6)
  A worm (D:5)
  A dart slug (D:5)
  30 orcs
  5 ball pythons
  7 bats
  10 endoplasms
  3 giant cockroaches
  3 goblins
  6 hobgoblins
  4 jackals
  6 quokkas
  6 frilled lizards
  15 kobolds
  4 rats
200 creatures vanquished.

Vanquished Creatures (others)
  17 fulminant prisms
  5 fungi
  4 plants (D:4)
  5 toadstools (D:5)
31 creatures vanquished.

Grand Total: 231 creatures vanquished

Notes
Turn   | Place    | Note
-------+----------+-------------------------------------------
     0 | D:1      | OTABOTABOTAB the Deep Elf Conjurer began the quest for the
                  | Orb.
     0 | D:1      | Reached XP level 1. HP: 10/10 MP: 6/6
    98 | D:1      | Found a faded altar of an unknown god.
   294 | D:1      | Reached XP level 2. HP: 15/15 MP: 6/8
   297 | D:1      | Learned a level 2 spell: Searing Ray
   506 | D:1      | Reached skill level 5 in Conjurations
   977 | D:2      | Reached XP level 3. HP: 19/19 MP: 8/10
  1017 | D:2      | Identified a scroll of acquirement
  1018 | D:2      | Acquired a staff of conjuration
  1122 | D:2      | Found a burning altar of Makhleb.
  1503 | D:3      | Reached skill level 4 in Spellcasting
  1516 | D:3      | Noticed Ijyb
  1560 | D:3      | Reached XP level 4. HP: 24/24 MP: 9/12
  1572 | D:3      | Learned a level 4 spell: Fulminant Prism
  1577 | D:3      | Learned a level 4 spell: Iskenderun's Mystic Blast
  1592 | D:3      | Noticed bande's ghost (amateur GrFi)
  1593 | D:3      | Found a transporter.
  1593 | D:3      | Identified the +3 dire flail of the Spectre {flame, rN+
                  | Str+4 Stlth-}
  1593 | D:3      | Noticed an ogre
  1593 | D:3      | Noticed an ogre
  1594 | D:3      | Noticed an ogre
  1598 | D:3      | Found a transporter.
  1684 | D:3      | Found an iron altar of Okawaru.
  1703 | D:3      | Killed Ijyb
  1835 | D:3      | Reached skill level 1 in Hexes
  2259 | D:4      | Reached skill level 6 in Conjurations
  2268 | D:4      | Found a sacrificial altar of Ru.
  2366 | D:4      | Noticed a scorpion
  2378 | D:4      | Killed a scorpion
  2379 | D:4      | Reached skill level 1 in Translocations
  2379 | D:4      | Reached XP level 5. HP: 28/28 MP: 9/13
  2385 | D:4      | Reached skill level 2 in Hexes
  2428 | D:4      | Reached XP level 6. HP: 15/32 MP: 13/15
  2567 | D:4      | Reached skill level 5 in Spellcasting
  2567 | D:4      | Reached skill level 2 in Translocations
  2614 | D:4      | Reached skill level 3 in Hexes
  2620 | D:4      | Reached skill level 7 in Conjurations
  2747 | D:4      | Found a blossoming altar of Fedhas.
  2915 | D:4      | Found a sparkling altar of Nemelex Xobeh.
  2916 | D:4      | Found an opulent altar of Gozag.
  3040 | D:5      | Entered Level 5 of the Dungeon
  3056 | D:5      | Noticed a water moccasin
  3061 | D:5      | Killed a water moccasin
  3062 | D:5      | Reached XP level 7. HP: 25/36 MP: 7/17
  3195 | D:5      | Found an ornate altar of the Wu Jian Council.
  3195 | D:5      | Found a bloodstained altar of Trog.
  3256 | D:5      | Reached skill level 3 in Translocations
  3726 | D:5      | Reached skill level 6 in Spellcasting
  3726 | D:5      | Reached skill level 4 in Hexes
  3771 | D:5      | Learned a level 5 spell: Iskenderun's Battlesphere
  3814 | D:5      | Found a snail-covered altar of Cheibriados.
  3935 | D:6      | Reached skill level 8 in Conjurations
  3999 | D:6      | Reached XP level 8. HP: 41/41 MP: 13/19
  4004 | D:6      | Reached skill level 4 in Translocations
  4287 | D:6      | Reached skill level 5 in Hexes
  4720 | D:7      | Reached skill level 7 in Spellcasting
  4820 | D:7      | Reached skill level 9 in Conjurations
  4856 | D:7      | Found a radiant altar of Vehumet.
  4881 | D:7      | Became a worshipper of Vehumet
  4974 | D:7      | Reached skill level 5 in Translocations
  5046 | D:7      | Noticed a troll
  5048 | D:7      | Found a shimmering blue altar of Sif Muna.
  5053 | D:7      | Killed a troll
  5260 | D:7      | Reached skill level 8 in Spellcasting
  5260 | D:7      | Reached skill level 10 in Conjurations
  5276 | D:7      | Found a staircase to the Ecumenical Temple.
  5326 | D:7      | Found a burning altar of Makhleb.
  5362 | D:8      | Noticed Maggie
  5368 | D:8      | Killed Maggie
  5369 | D:8      | Reached skill level 3 in Dodging
  5369 | D:8      | Reached XP level 9. HP: 46/46 MP: 12/23
  5467 | D:8      | Reached skill level 1 in Fighting
  5467 | D:8      | Reached skill level 1 in Shields
  5552 | D:8      | Noticed Erica
  5558 | D:8      | Killed Erica
  5559 | D:8      | Reached skill level 2 in Fighting
  5559 | D:8      | Reached skill level 4 in Dodging
  5628 | D:8      | Reached skill level 2 in Shields
  5885 | D:8      | Reached skill level 9 in Spellcasting
  6391 | D:9      | Reached * piety under Vehumet
  6391 | D:9      | Offered knowledge of Foxfire by Vehumet.
  6437 | D:9      | Reached skill level 5 in Dodging
  6519 | D:9      | Reached XP level 10. HP: 55/55 MP: 23/25
  6591 | D:9      | Noticed a two-headed ogre
  6596 | D:9      | Killed a two-headed ogre
  6597 | D:9      | Reached skill level 3 in Fighting
  6597 | D:9      | Reached skill level 3 in Shields
  6609 | D:9      | Noticed a two-headed ogre
  6619 | D:9      | Killed a two-headed ogre
  6620 | D:9      | Reached skill level 11 in Conjurations
  6623 | D:9      | Reached skill level 10 in Spellcasting
  6644 | D:9      | Reached skill level 6 in Dodging
  7007 | D:9      | Found a staircase to the Orcish Mines.
  7132 | Orc:1    | Entered Level 1 of the Orcish Mines
  7174 | Orc:2    | Entered Level 2 of the Orcish Mines
  7304 | Orc:2    | Reached skill level 4 in Fighting
  7304 | Orc:2    | Reached skill level 4 in Shields
  7430 | Orc:2    | Noticed a two-headed ogre
  7431 | Orc:2    | Offered knowledge of Scorch by Vehumet.
  7434 | Orc:2    | Killed a two-headed ogre
  7441 | Orc:2    | Reached ** piety under Vehumet
  7442 | Orc:2    | Reached skill level 7 in Dodging
  7457 | Orc:2    | Noticed a two-headed ogre
  7458 | Orc:2    | Reached XP level 11. HP: 52/62 MP: 12/27
  7465 | Orc:2    | Slain by a two-headed ogre

Illustrated notes

Levels and vault maps discovered:
D:1:      co_arrival_square_in_a_square_in_a_square, layout_rooms,
          ebering_ecumenical_altar_petrified,
          wander_ebering_terrifying_dragon_lair
D:2:      layout_rooms, basic_altar, st_stairs_11, minivault_5
D:3:      layout_basic, mainiacjoe_overflow_chevrons, gammafunk_ghost_smash,
          uniq_ijyb
D:4:      layout_rooms, grunt_temple_overflow_opulence, fedhas_altar_3,
          mainiacjoe_overflow_surrounded_room
D:5:      layout_loops_ring, cheibrodos_worm_habitat,
          nicolae_overflow_two_pavilions, kennysheep_cross_bottleneck,
          minmay_gold_behind_fungi
D:6:      layout_gridville
D:7:      layout_rooms, nicolae_overflow_crystal_walls, lightli_temple_of_fire,
          nicolae_sif_muna_condensation, minmay_temple_entry_nine_rooms
D:8:      minmay_general_purpose_star, layout_gridville, minivault_4,
          small_statue_intersection, uniq_maggie, uniq_erica
D:9:      layout_big_octagon, minmay_orc_entry_temple_small
Orc:1:    layout_caves
Orc:2:    st_orc_open, layout_diamond_mine

Skill      XL: |  1  2  3  4  5  6  7  8  9 10 |
---------------+-------------------------------+-----
Conjurations   | 5 6 7 8 10 11 | 11.6
Spellcasting   | 4 5 6 8 9 10 | 10.9
Hexes          | 1 2 3 4 5 |  5.0
Translocations | 1 2 3 5 |  5.0
Dodging        | 3 5 7 |  7.1
Fighting       | 2 4 |  4.4
Shields        | 2 4 |  4.4
Stealth        | |  2.4

Action                     |  1- 3 |  4- 6 |  7- 9 | 10-12 || total
---------------------------+-------+-------+-------+-------++-------
  Melee: Dagger            |     4 |       |       |       ||     4
         Staff             |     9 |    11 |    13 |     4 ||    37
   Cast: Magic Dart        |    79 |    74 |   125 |    58 ||   336
         Searing Ray       |     3 |     8 |     9 |       ||    20
         Fulminant Prism   |       |     7 |     7 |     3 ||    17
         Iskenderun's Myst |       |     7 |    12 |    11 ||    30
         Iskenderun's Batt |       |       |    16 |    16 ||    32
    Use: Scroll            |    11 |     5 |     7 |       ||    23
         Potion            |       |     2 |       |       ||     2
   Stab: Distracted        |       |     1 |       |       ||     1
 Armour: Robe              |     7 |     6 |     4 |       ||    17
  Dodge: Dodged            |    22 |     5 |    16 |     5 ||    48
  Block: Buckler           |       |       |     5 |     4 ||     9

Table legend: (Time is in decaauts)
 A = Elapsed time spent in this place.
 B = Non-inter-level travel time spent in this place.
 C = Inter-level travel time spent in this place.
 D = Time resting spent in this place.
 E = Time spent auto-exploring this place.
 F = Levels seen in this place.
 G = Mean time per level.
                   A        B        C        D        E       F      G
               +--------+--------+--------+--------+--------+-----+--------+
         Total |   7479 |   7170 |    309 |    460 |   5664 |  11 |  679.9 |
       Dungeon |   7146 |   6846 |    300 |    347 |   5529 |   9 |  794.0 |
  Orcish Mines |    333 |    324 |      9 |    113 |    135 |   2 |  166.5 |
               +--------+--------+--------+--------+--------+-----+--------+

Top non-repeatable levels by time:
     D:8: 1026 daAuts
     D:1: 886 daAuts
     D:5: 875 daAuts
     D:4: 818 daAuts
     D:6: 779 daAuts
     D:3: 754 daAuts
     D:9: 746 daAuts
     D:7: 675 daAuts
     D:2: 582 daAuts
   Orc:2: 291 daAuts
   Orc:1: 41 daAuts

Table legend:
 A = Kills in this place as a percentage of kills in entire the game.
 B = Kills by you in this place as a percentage of kills by you in the entire game.
 C = Kills by friends in this place as a percentage of kills by friends in the entire game.
 D = Other kills in this place as a percentage of other kills in the entire game.
 E = Experience gained in this place as a percentage of experience gained in the entire game.
 F = Experience gained in this place divided by the number of levels of this place that you have seen.
                   A       B       C       D       E      F
               +-------+-------+-------+-------+-------+----------------------
         Total | 100.0 | 100.0 |   N/A |   N/A | 100.0 | 1045.0
       Dungeon |  93.0 |  93.0 |   N/A |   N/A |  74.7 | 954.2
  Orcish Mines |   7.0 |   7.0 |   N/A |   N/A |  25.3 | 1453.5
               +-------+-------+-------+-------+-------+----------------------
